AoeStats
← ffjuanes

Arabia

510109598Analyzed
1v1 RM · 3d ago on Sep 29, 2026· 21m 36s· 2 players
Game mode
Random Map
Map size
Tiny (2 player)
Population
200
Speed
Normal
Resources
Standard
Victory
Conquest
Starting age
Dark Age
Ending age
Imperial Age
RankedLock teamsTeams togetherTeam positionsShared explorationLock speedFull tech treeHidden civsTurbo modeCheats
Victory
Defeat
🇦🇹 Japanese · Austria
1304
+14
🇨🇴 Wei · Colombia
1254
-14
King Geedorah
6:32 Loom
9:35 Feudal Age
9:39 Man-at-Arms
10:06 Double-Bit Axe
10:43 Arson
16:23 Fletching
18:07 Padded Archer Armor
ffjuanes
6:10 Loom
8:56 Feudal Age
9:35 Double-Bit Axe
13:40 Horse Collar
14:40 Wheelbarrow
15:20 Fletching
23:24 Castle Age
Connection lost

Rejoining the realm…

Still unreachable

The connection could not be restored.

Session expired

The server has moved on; the page needs a fresh start.